 Dungeon Crawl Stone Soup version 0.23-a0-344-ge122d05 (webtiles) character file.

71880 epen the Covert (level 15, -11/117 HPs)
             Began as a Gnoll Assassin on Oct 19, 2018.
             Was the Champion of Okawaru.
             Killed from afar by a gargoyle (25 damage)
             ... with a stone arrow
             ... on level 15 of the Dungeon on Oct 20, 2018.
             The game lasted 00:48:54 (25249 turns).

epen the Covert (Gnoll Assassin)                   Turns: 25249, Time: 00:48:54

Health: -11/117    AC: 15    Str: 23    XL:     15   Next: 38%
Magic:  28/28      EV: 22    Int: 12    God:    Okawaru [******]
Gold:   902        SH:  4    Dex: 17    Spells: 28/33 levels left

rFire    . . .     SeeInvis +   R - +8 quick blade (flame)
rCold    . . .     Gourm    .   (no shield)
rNeg     + . .     Faith    .   d - +1 troll leather armour
rPois    +         Spirit   .   S - +1 hat {SInv}
rElec    .         Reflect  +   Q - +2 ratskin cloak {+Rats rPois rN+ Str-1 Int-1 Dex+1}
rCorr    .         Harm     .   U - +1 pair of gloves {Str+3}
MR       +....                  m - +0 pair of boots
Stlth    ++++++....             E - +4 amulet of reflection
HPRegen  0.69/turn              s - +3 ring of evasion
MPRegen  0.21/turn              Z - ring of stealth

@: drained
A: distributed training, fangs 1, blink, MP-powered wands, strong nose
a: Blink, Heroism, Finesse, Renounce Religion, Evoke Ratskin


You were on level 15 of the Dungeon.
You worshipped Okawaru.
Okawaru was exalted by your worship.
You were not hungry.

You visited 3 branches of the dungeon, and saw 22 of its levels.
You also visited: Sewer and Bailey.

You collected 1480 gold pieces.
You spent 578 gold pieces at shops.

Inventory:

Hand Weapons
 a - the +5 battleaxe of Causality {pain, Str+5}
   (You found it on level 11 of the Dungeon)

   In the hands of one skilled in necromantic magic, it inflicts extra damage on
   living creatures.
   It affects your strength (+5).
 b - a +0 blowgun
 y - the +8 glaive of the Guard {elec, +Rage AC+5 SInv}
   (You found it on level 12 of the Dungeon)

   Occasionally, upon striking a foe, it will discharge some electrical energy
   and cause terrible harm.
   It affects your AC (+5).
   It lets you see invisible.
   It lets you go berserk.
 R - a +8 quick blade of flaming (weapon)
 T - the +9 great sword of the Seeker {slice, Str+7 Int-2}
   (Okawaru gifted it to you on level 11 of the Dungeon)

   It inflicts extra damage upon your enemies.
   It affects your strength (+7).
   It affects your intelligence (-2).
Missiles
 f - 9 curare-tipped needles
 r - a throwing net (quivered)
 x - 8 needles of confusion
Armour
 d - a +1 troll leather armour (worn)
 m - a +0 pair of boots (worn)
 v - the +0 pair of gloves of the Gate {rC- rN+ Regen+ Int-5 Dex+8}
   (You acquired it on level 3 of the Lair of Beasts)

   It affects your intelligence (-5).
   It affects your dexterity (+8).
   It makes you vulnerable to cold.
   It protects you from negative energy.
   It increases your rate of regeneration.
 H - a +2 crystal plate armour
 Q - the +2 ratskin cloak (worn) {+Rats rPois rN+ Str-1 Int-1 Dex+1}
   (You bought it in a shop on level 8 of the Dungeon)

   It affects your strength (-1).
   It affects your intelligence (-1).
   It affects your dexterity (+1).
   It protects you from poison.
   It protects you from negative energy.
 S - a +1 hat of see invisible (worn)
 U - a +1 pair of gloves of strength (worn)
Jewellery
 e - the ring of Jiawid {MR+ Stlth-}
   (You found it on level 6 of the Lair of Beasts)

   [ring of attention]

   It affects your resistance to hostile enchantments.
   It makes you less stealthy.
 s - a +3 ring of evasion (left hand)
 E - a +4 amulet of reflection (around neck)
 F - an uncursed ring of protection from fire {unknown}
 I - an uncursed ring of fire
 Z - a ring of stealth (right hand)
Wands
 G - a wand of clouds (7)
 K - a wand of digging (6)
 M - a wand of iceblast (42)
 P - a wand of acid (7)
 Y - a wand of paralysis (11)
Scrolls
 c - 5 scrolls of enchant weapon
 h - 2 scrolls of amnesia
 j - a scroll of magic mapping
 k - a scroll of enchant armour
 u - 4 scrolls of blinking
 C - 9 scrolls of teleportation
 D - 12 scrolls of remove curse
 W - a scroll of fear
Potions
 i - 8 potions of cancellation
 l - 6 potions of haste
 n - a potion of experience {unknown}
 p - 5 potions of mutation
 q - a potion of resistance
 t - 5 potions of heal wounds
 w - 12 potions of curing
 z - 6 potions of might
 A - 2 potions of agility {unknown}
 B - a potion of brilliance {unknown}
 J - 3 potions of magic
 L - a potion of ambrosia {unknown}
 O - 2 potions of berserk rage
 V - 3 potions of flight
 X - a potion of invisibility
Miscellaneous
 o - a phantom mirror
 N - a box of beasts
Comestibles
 g - 24 rations


   Skills:
 + Level 10.8(10.7) Fighting
 + Level 10.8(10.7) Short Blades
 + Level 9.8 Long Blades
 + Level 9.8 Axes
 + Level 9.8 Maces & Flails
 + Level 9.8 Polearms
 + Level 9.8 Staves
 + Level 9.8 Slings
 + Level 9.8 Bows
 + Level 9.8 Crossbows
 + Level 10.8(10.7) Throwing
 + Level 9.8 Armour
 + Level 10.2(10.1) Dodging
 + Level 12.2(12.1) Stealth
 + Level 9.8 Shields
 + Level 9.8 Unarmed Combat
 + Level 9.8 Spellcasting
 + Level 8.3(8.2) Conjurations
 + Level 8.3(8.2) Hexes
 + Level 8.3(8.2) Charms
 + Level 8.3(8.2) Summonings
 + Level 8.3(8.2) Necromancy
 + Level 8.3(8.2) Translocations
 + Level 8.3(8.2) Transmutations
 + Level 8.3(8.2) Fire Magic
 + Level 8.3(8.2) Ice Magic
 + Level 8.3(8.2) Air Magic
 + Level 8.3(8.2) Earth Magic
 + Level 8.3(8.2) Poison Magic
 + Level 10.7(10.6) Invocations
 + Level 9.8 Evocations


You had 28 spell levels left.
You knew the following spells:

 Your Spells              Type           Power        Failure   Level  Hunger
a - Confuse               Hex            ####....     1%          3    ##.....
b - Blink                 Tloc           N/A          1%          2    None

Your spell library contained the following spells:

 Spells                   Type           Power        Failure   Level  Hunger
 Corona                   Hex            ####...      1%          1    None
 Freeze                   Ice            ####         1%          1    None
 Magic Dart               Conj           ####         1%          1    None
 Call Imp                 Summ           ####....     1%          2    None
 Ensorcelled Hibernation  Hex/Ice        ####..       1%          2    None
 Slow                     Hex            ####....     1%          2    None
 Throw Frost              Conj/Ice       ####..       1%          2    None
 Conjure Flame            Conj/Fire      ####....     1%          3    ##.....
 Dazzling Spray           Conj/Hex       ####..       1%          3    ##.....
 Ignite Poison            Fire/Tmut/Pois ####....     1%          3    ##.....
 Mephitic Cloud           Conj/Pois/Air  ####....     1%          3    ##.....
 Ozocubu's Armour         Chrm/Ice       ####....     1%          3    ##.....
 Tukima's Dance           Hex            ####....     1%          3    ##.....
 Summon Ice Beast         Ice/Summ       ####....     4%          4    ####...
 Throw Icicle             Conj/Ice       ####....     4%          4    ####...
 Fireball                 Conj/Fire      ####......   13%         5    #####..
 Bolt of Fire             Conj/Fire      ####......   56%         6    #######
 Ring of Flames           Chrm/Fire      ####......   98%         7    #######
 Ignition                 Fire           ####......   100%        8    #######


Dungeon Overview and Level Annotations

Branches:
Dungeon (15/15)            Temple (1/1) D:6            Lair (6/6) D:11
  Swamp (0/4) Lair:3       Spider (0/4) Lair:3        Slime (0/5) Lair:5
    Orc (0/2) D:12         Vaults (0/5) D:13         Depths (0/5) D:15

Altars:
Ashenzari
Cheibriados
Dithmenos
Elyvilon
Fedhas
Gozag
Hepliaklqana
Kikubaaqudgha
Makhleb
Nemelex Xobeh
Okawaru
Qazlal
Ru
Sif Muna
Trog
Uskayaw
Vehumet
Wu Jian
Xom
Yredelemnul
Zin
The Shining One
Beogh
Jiyva

Shops:
D:6 [   D:8 [   D:9 %%!   D:12 (

Annotations:
D:11 1 exclusion
Lair:1 1 exclusion
Lair:5 3 runed doors, Xeddua's ghost, journeyman MiBe


Innate Abilities, Weirdness & Mutations

Your experience applies equally to all skills.
You have very sharp teeth.
Your uncanny sense of smell can sniff out nearby items.
You can translocate small distances at will.
You expend magic power (3 MP) to strengthen your wands.


Message History

You barely miss the wraith. Your bite misses the wraith.
The wraith is moderately damaged.
The centaur warrior shoots an arrow.
The arrow hits you!!
The centaur warrior shoots an arrow.
The arrow barely misses you.
The cyclops throws a large rock.
The large rock misses you.
Items here: ( ) [ † an arrow; a +0 dagger; a +0 robe; an orc corpse The crimson imp throws a stone.
The stone hits you but does no damage.
The centaur warrior shoots an arrow.
The arrow hits you!!
* * * LOW HITPOINT WARNING * * *
Things that are here:
2 stones; 3 arrows The crimson imp shouts, "Fly, thou artless nut-hook puttock!"
The centaur warrior shoots an arrow.
The arrow hits you!
* * * LOW HITPOINT WARNING * * *
The cyclops throws a large rock.
The large rock hits you.
* * * LOW HITPOINT WARNING * * *
The gargoyle hurls a stone arrow at you.
The stone arrow hits you!
You die...

#))....###...#.#...#**,,,,*
##)#..#..#,.#...#..*,,*,,***
##.##.#...###.....#**,,,*,,,,
#.###...a#..#.§...#,,*,,,,**,
#.##
#...#...#(....#,,,*,,,... #.#
#......#.#Z..#.#,,,,,,... #.#
#.....#.((#.#..(#,,,∆,.c. #.#
#.......W.9...(C..,,,,... ##
#.###..#@....c.#.#,*,,...
#..............#,*,*,,...
################*,,,,,...
********,,,,****
*,,∩,,**,,,,* *,,,,,**,****
*,,,,,**,* *,,∆,,**,*
***,****,*


You could see a centaur warrior, a cyclops, a soldier ant (wandering), a wraith,
a gargoyle and a wyvern zombie.

Vanquished Creatures
  A frost giant (D:12)
  3 hydras
  3 catoblepae (Lair:6)
  A tengu warrior (D:12)
  7 death yaks
  5 two-headed ogres
  Urug (D:12)
  Nergalle (D:11)
  3 unseen horrors
  2 wizards
  A phantasmal warrior (D:12)
  An orc knight (D:15)
  6 ugly things (D:14)
  2 deep elf magi
  3 cyclopes
  An orc sorcerer (D:15)
  16 elephants
  5 manticores
  A centaur zombie (D:15)
  3 black mambas
  A torpor snail (shapeshifter) (D:12)
  9 spiny frogs
  8 komodo dragons
  7 trolls
  A polar bear (Lair:2)
  A hornet (D:14)
  2 slime creatures (D:11)
  9 hippogriffs
  12 blink frogs
  3 redbacks (Lair:3)
  Sigmund (D:4)
  2 wraiths
  4 shadows
  A centaur simulacrum (D:12)
  A water elemental (D:14)
  A yak (shapeshifter) (D:15)
  56 yaks
  A vampire (D:15)
  6 wyverns
  2 basilisks
  A basilisk (shapeshifter) (D:14)
  4 hungry ghosts
  3 vampire mosquitoes (D:12)
  A warg (D:15)
  An acid dragon (D:12)
  An acid dragon (shapeshifter) (D:12)
  7 water moccasins
  6 porcupines
  11 orc warriors
  A black bear (D:11)
  10 ice beasts
  4 sky beasts
  4 necrophages
  An eye of draining (D:14)
  3 phantoms
  9 ogres
  40 wolves
  5 centaurs
  11 crocodiles
  8 big kobolds
  3 gnoll sergeants
  29 bullfrogs
  4 scorpions
  A killer bee (D:7)
  3 howler monkeys (D:9)
  8 crimson imps
  2 bullfrog zombies
  A quasit (D:4)
  4 centaur skeletons
  8 hounds
  A gnoll shaman (D:7)
  3 jellies
  4 orc priests
  5 orc wizards
  A bullfrog skeleton (D:12)
  5 iguanas
  Jessica (D:2)
  Natasha (twice) (D:3)
  9 worker ants
  A hell rat (Lair:5)
  2 hound zombies
  A hound skeleton (D:6)
  28 gnolls
  19 adders
  8 river rats
  3 shadow imps
  7 oozes
  An adder zombie (D:9)
  4 adder skeletons
  2 dart slugs
  5 worms
  6 leopard geckos
  65 orcs
  2 giant cockroaches
  15 goblins
  25 hobgoblins
  14 jackals
  19 kobolds
  6 quokkas
  5 ball pythons (Sewer)
  A ball python skeleton (D:4)
  6 bats
  5 frilled lizards
  A leopard gecko skeleton (D:7)
  10 rats
  A spectral orc (D:4)
  2 fungi
683 creatures vanquished.

Vanquished Creatures (collateral kills)
  2 death yaks (Lair:4)
  2 elephants
  3 slime creatures (D:11)
  4 yaks (Lair:4)
11 creatures vanquished.

Vanquished Creatures (others)
  A wyvern (D:12)
  8 fungi
  5 plants
14 creatures vanquished.

Grand Total: 708 creatures vanquished

Notes
Turn   | Place    | Note
-------+----------+-------------------------------------------
     0 | D:1      | epen the Gnoll Assassin began the quest for the Orb.
     0 | D:1      | Reached XP level 1. HP: 20/20 MP: 1/1
   106 | D:1      | Reached XP level 2. HP: 19/26 MP: 2/2
   258 | D:1      | You fall through a shaft!
   510 | D:1      | Reached XP level 3. HP: 31/31 MP: 3/3
  1157 | D:2      | Found a radiant altar of Vehumet.
  1232 | D:2      | Reached skill level 1 in Invocations
  1384 | D:2      | Reached skill level 1 in Long Blades
  1384 | D:2      | Reached skill level 1 in Axes
  1384 | D:2      | Reached skill level 1 in Maces & Flails
  1384 | D:2      | Reached skill level 1 in Polearms
  1384 | D:2      | Reached skill level 1 in Staves
  1384 | D:2      | Reached skill level 1 in Slings
  1384 | D:2      | Reached skill level 1 in Bows
  1384 | D:2      | Reached skill level 1 in Crossbows
  1384 | D:2      | Reached skill level 1 in Armour
  1384 | D:2      | Reached skill level 1 in Shields
  1384 | D:2      | Reached skill level 1 in Unarmed Combat
  1384 | D:2      | Reached skill level 1 in Spellcasting
  1384 | D:2      | Reached skill level 1 in Evocations
  1384 | D:2      | Reached XP level 4. HP: 34/38 MP: 5/5
  1517 | D:2      | Found a shimmering altar of Xom.
  1521 | D:2      | Noticed Jessica
  1590 | D:2      | Killed Jessica
  1590 | D:2      | Reached skill level 1 in Conjurations
  1590 | D:2      | Reached skill level 1 in Hexes
  1590 | D:2      | Reached skill level 1 in Charms
  1590 | D:2      | Reached skill level 1 in Summonings
  1590 | D:2      | Reached skill level 1 in Necromancy
  1590 | D:2      | Reached skill level 1 in Translocations
  1590 | D:2      | Reached skill level 1 in Transmutations
  1590 | D:2      | Reached skill level 1 in Fire Magic
  1590 | D:2      | Reached skill level 1 in Ice Magic
  1590 | D:2      | Reached skill level 1 in Air Magic
  1590 | D:2      | Reached skill level 1 in Earth Magic
  1590 | D:2      | Reached skill level 1 in Poison Magic
  1840 | D:3      | Reached XP level 5. HP: 43/43 MP: 6/6
  1897 | D:3      | Noticed Natasha
  1899 | D:3      | Killed Natasha
  2166 | D:3      | Reached skill level 8 in Stealth
  2179 | D:3      | Reached XP level 6. HP: 39/50 MP: 8/8
  2295 | D:3      | Found a shadowy altar of Dithmenos.
  2343 | D:3      | Noticed Natasha
  2355 | D:3      | Killed Natasha
  2633 | D:3      | Found a burning altar of Makhleb.
  2649 | D:3      | Reached skill level 5 in Fighting
  2649 | D:3      | Reached skill level 5 in Short Blades
  2649 | D:3      | Reached skill level 5 in Throwing
  3637 | D:4      | Reached XP level 7. HP: 38/56 MP: 10/10
  3979 | D:4      | Noticed Sigmund
  4014 | D:4      | Killed Sigmund
  4308 | D:4      | Found a basalt altar of Yredelemnul.
  4374 | D:5      | Entered Level 5 of the Dungeon
  4442 | D:5      | Reached XP level 8. HP: 38/63 MP: 12/12
  4514 | D:5      | Found a glowing drain.
  4525 | Sewer    | Entered a sewer
  5270 | Sewer    | Gained mutation: You expend magic power (3 MP) to
                  | strengthen your wands. [potion of mutation]
  5270 | Sewer    | Gained mutation: You can translocate small distances at
                  | will. [potion of mutation]
  5960 | D:5      | Found a hide-covered altar of Uskayaw.
  6087 | D:5      | You fall through a shaft!
  6165 | D:6      | Found Moiraige's Antique Armour Shoppe.
  6165 | D:6      | Found a shattered altar of Ashenzari.
  6518 | D:6      | Found a staircase to the Ecumenical Temple.
  6531 | Temple   | Entered the Ecumenical Temple
  6741 | Temple   | Became a worshipper of Warmaster Okawaru
  6871 | D:6      | Reached XP level 9. HP: 69/69 MP: 14/14
  7090 | D:6      | Found a sacrificial altar of Ru.
  7272 | D:7      | Found a hazy altar of Hepliaklqana.
  7280 | D:7      | Identified a scroll of acquirement
  8191 | D:7      | Reached * piety under Okawaru
  8191 | D:7      | Reached skill level 5 in Dodging
  8499 | D:6      | Reached skill level 9 in Stealth
  8775 | D:7      | Found a shimmering altar of Xom.
  8778 | D:7      | Found a glowing silver altar of Zin.
  8779 | D:7      | Found an opulent altar of Gozag.
  8780 | D:7      | Found a deep blue altar of Sif Muna.
  8967 | D:7      | Found a sparkling altar of Nemelex Xobeh.
  9198 | D:7      | Noticed a manticore
  9225 | D:7      | Killed a manticore
  9225 | D:7      | Reached skill level 5 in Invocations
  9489 | D:7      | Reached ** piety under Okawaru
  9489 | D:7      | Reached XP level 10. HP: 77/77 MP: 17/17
  9792 | D:7      | Reached skill level 5 in Long Blades
  9792 | D:7      | Reached skill level 5 in Axes
  9792 | D:7      | Reached skill level 5 in Maces & Flails
  9792 | D:7      | Reached skill level 5 in Polearms
  9792 | D:7      | Reached skill level 5 in Staves
  9792 | D:7      | Reached skill level 5 in Slings
  9792 | D:7      | Reached skill level 5 in Bows
  9792 | D:7      | Reached skill level 5 in Crossbows
  9792 | D:7      | Reached skill level 5 in Armour
  9792 | D:7      | Reached skill level 5 in Shields
  9792 | D:7      | Reached skill level 5 in Unarmed Combat
  9792 | D:7      | Reached skill level 5 in Spellcasting
  9792 | D:7      | Reached skill level 5 in Evocations
 10483 | D:8      | Reached *** piety under Okawaru
 10504 | D:8      | Noticed a manticore
 10521 | D:8      | Killed a manticore
 10968 | D:8      | Found Pofid's Antique Armour Boutique.
 11213 | D:9      | Found Vagejez's Food Shoppe.
 11446 | D:8      | Bought the +2 ratskin cloak {+Rats rPois rN+ Str-1 Int-1
                  | Dex+1} for 500 gold pieces
 11446 | D:8      | Found the +2 ratskin cloak {+Rats rPois rN+ Str-1 Int-1
                  | Dex+1}
 11541 | D:9      | Found Deivugh's Food Shop.
 11556 | D:9      | Found a roughly hewn altar of Beogh.
 12004 | D:9      | Found Qaruwo's Distillery.
 12024 | D:9      | Reached XP level 11. HP: 80/84 MP: 19/19
 12027 | D:9      | Bought a potion of curing for 39 gold pieces
 12027 | D:9      | Bought a potion of curing for 39 gold pieces
 12147 | D:10     | Entered Level 10 of the Dungeon
 12171 | D:10     | Reached **** piety under Okawaru
 12200 | D:10     | Found a burning altar of Makhleb.
 12283 | D:10     | Noticed a two-headed ogre
 12292 | D:10     | Killed a two-headed ogre
 12323 | D:10     | Killed an unseen horror
 12323 | D:10     | Reached skill level 5 in Conjurations
 12323 | D:10     | Reached skill level 5 in Hexes
 12323 | D:10     | Reached skill level 5 in Charms
 12323 | D:10     | Reached skill level 5 in Summonings
 12323 | D:10     | Reached skill level 5 in Necromancy
 12323 | D:10     | Reached skill level 5 in Translocations
 12323 | D:10     | Reached skill level 5 in Transmutations
 12323 | D:10     | Reached skill level 5 in Fire Magic
 12323 | D:10     | Reached skill level 5 in Ice Magic
 12323 | D:10     | Reached skill level 5 in Air Magic
 12323 | D:10     | Reached skill level 5 in Earth Magic
 12323 | D:10     | Reached skill level 5 in Poison Magic
 12583 | D:10     | Reached ***** piety under Okawaru
 12658 | D:10     | Noticed a two-headed ogre
 12672 | D:10     | Killed a two-headed ogre
 12672 | D:10     | Reached skill level 10 in Stealth
 13076 | D:11     | Got a jewelled battleaxe
 13077 | D:11     | Identified the +5 battleaxe of Causality {pain, Str+5} (You
                  | found it on level 11 of the Dungeon)
 13126 | D:11     | Received a gift from Okawaru
 13249 | D:11     | Noticed a cyclops
 13260 | D:11     | Killed a cyclops
 13315 | D:11     | Noticed Nergalle
 13318 | D:11     | Killed Nergalle
 13431 | D:11     | Received a gift from Okawaru
 13434 | D:11     | Got a jewelled great sword {god gift}
 13455 | D:11     | Identified the +9 great sword of the Seeker {slice, Str+7
                  | Int-2} (Okawaru gifted it to you on level 11 of the
                  | Dungeon)
 13515 | D:11     | Noticed a cyclops
 13529 | D:11     | Killed a cyclops
 13664 | D:11     | Reached XP level 12. HP: 93/93 MP: 22/22
 13788 | D:11     | Learned a level 3 spell: Confuse
 13914 | D:11     | Found a staircase to the Lair.
 13989 | D:11     | Noticed a five-headed hydra
 14271 | Lair:1   | Entered Level 1 of the Lair of Beasts
 14466 | Lair:1   | Received a gift from Okawaru
 14720 | Lair:1   | Received a gift from Okawaru
 14891 | Lair:1   | Reached ****** piety under Okawaru
 14927 | Lair:1   | Noticed a fire dragon
 15079 | Lair:1   | Received a gift from Okawaru
 16481 | Lair:3   | Got a pair of ancient gloves
 16482 | Lair:3   | Identified the +0 pair of gloves of the Gate {rC- rN+
                  | Regen+ Int-5 Dex+8} (You acquired it on level 3 of the Lair
                  | of Beasts)
 16678 | Lair:3   | Reached XP level 13. HP: 46/101 MP: 24/24
 16809 | Lair:3   | Found a staircase to the Swamp.
 16970 | Lair:3   | Found a hole to the Spider Nest.
 17023 | Lair:3   | Reached skill level 11 in Stealth
 17899 | Lair:4   | Received a gift from Okawaru
 18078 | Lair:4   | Received a gift from Okawaru
 18302 | Lair:4   | Received a gift from Okawaru
 18939 | Lair:5   | Received a gift from Okawaru
 19214 | Lair:5   | Found a staircase to the Slime Pits.
 19215 | Lair:5   | Found a viscous altar of Jiyva.
 19255 | Lair:5   | Found a runed gate.
 19255 | Lair:5   | Found a runed gate.
 19255 | Lair:5   | Found a runed gate.
 19257 | Lair:5   | Noticed Xeddua's ghost (journeyman MiBe)
 19441 | Lair:5   | Reached XP level 14. HP: 94/109 MP: 23/26
 20025 | Lair:6   | Entered Level 6 of the Lair of Beasts
 20362 | Lair:6   | Reached skill level 10 in Fighting
 20362 | Lair:6   | Reached skill level 10 in Short Blades
 20362 | Lair:6   | Reached skill level 10 in Throwing
 20802 | Lair:6   | Received a gift from Okawaru
 20917 | Lair:6   | Received a gift from Okawaru
 21081 | Lair:6   | Reached skill level 10 in Invocations
 21153 | Lair:6   | Got a smoking bronze ring
 21155 | Lair:6   | Identified the ring of Jiawid {MR+ Stlth-} (You found it on
                  | level 6 of the Lair of Beasts)
 21704 | D:12     | Noticed Urug
 21707 | D:12     | Killed Urug
 21883 | D:12     | Learned a level 2 spell: Blink
 21907 | D:12     | Found the +8 glaive of the Guard {elec, +Rage AC+5 SInv}
 21907 | D:12     | Noticed a sphinx
 22163 | D:12     | Noticed a storm dragon
 22303 | D:12     | Found Kixidduu's Weapon Boutique.
 22420 | D:12     | Found a staircase to the Orcish Mines.
 22803 | D:12     | Noticed a frost giant
 22810 | D:12     | Killed a frost giant
 23019 | D:13     | Found a flagged portal.
 23035 | Bailey   | Entered a bailey
 23187 | Bailey   | Received a gift from Okawaru
 23420 | D:13     | Reached skill level 12 in Stealth
 23910 | D:13     | Reached XP level 15. HP: 117/117 MP: 28/28
 23916 | D:13     | Found a gate to the Vaults.
 24236 | D:14     | Reached skill level 10 in Dodging
 24521 | D:14     | Received a gift from Okawaru
 24879 | D:15     | Entered Level 15 of the Dungeon
 25199 | D:15     | Received a gift from Okawaru
 25249 | D:15     | Killed from afar by a gargoyle

Vault maps used:
D:1:      dpeg_arrival_ternary, serial_rivers, chequers_serial_rivers_large_a,
          chequers_serial_rivers_small_b, chequers_serial_rivers_micro_e,
          chequers_serial_rivers_small_b, chequers_serial_rivers_micro_a,
          chequers_serial_rivers_small_a
D:2:      nicolae_overflow_hidden_temple, tgw_xom, uniq_jessica
D:3:      makhleb_heckhound_becter, lemuel_crystal_altar, minmay_misc_feat_tiny,
          uniq_natasha
D:4:      yredelemnul_forgotten_temple_becter, grunt_tough_drop, uniq_sigmund
D:5:      lemuel_crystal_altar, first_ration, portal_sewer_entry_d,
          corexii_item_surrounded_by_moat
D:6:      nicolae_ru_the_path_less_chosen, minmay_temple_entry_poolview,
          serial_shops, nicolae_shop_statue_plus, basic_altar,
          kennysheep_generic_room_3
D:7:      minmay_the_grid_octo_tiled_octocenter, minitemple, grunt_ogre_cave
D:8:      serial_shops, nicolae_shop_behind_doors
D:9:      serial_shops, kennysheep_little_box, nicolae_shop_waterfront,
          shop_statue, kennysheep_nondescript
D:10:     basic_altar
D:11:     grunt_lair_entry_orc_guard_hut, kennysheep_diamond, dk_noncrumbling_3,
          uniq_nergalle
D:12:     minmay_guarded_unrand_guard, kennysheep_orc_monster_closet_entryway,
          serial_glass, glass_columns_b, glass_columns_c, serial_shops,
          kennysheep_mini_moat, uniq_urug
D:13:     david_vaults_1, lightli_bailey_entry_fortress,
          minmay_tree_intersection
D:14:     chequers_big_river
D:15:     grunt_enter_depths_magical_seal, portal_ice_cave_demonic_guard,
          minmay_splitting_lines
Temple:   minmay_temple_curvy_loop
Lair:1:   dragon1_lemuel, grunt_forest_large_clearings,
          infiniplex_staircase_pool_2
Lair:3:   swamp_mist, spider_nest_entry_webs
Lair:4:   grunt_megastairs_1
Lair:5:   slime_altar_1, ebering_ghost_rock_garden, kennysheep_rathole
Lair:6:   evilmike_catoblepas_cave
Sewer:    sewer_co_tree
Bailey:   bailey_axe_2, bailey

Skill      XL: |  1  2  3  4  5  6  7  8  9 10 11 12 13 14 15 |
---------------+----------------------------------------------+-----
Invocations    | 1 2 3 4 5 6 7 8 9 10 | 10.7
Long Blades    | 1 2 3 4 5 6 7 8 9 |  9.8
Axes           | 1 2 3 4 5 6 7 8 9 |  9.8
Maces & Flails | 1 2 3 4 5 6 7 8 9 |  9.8
Polearms       | 1 2 3 4 5 6 7 8 9 |  9.8
Staves         | 1 2 3 4 5 6 7 8 9 |  9.8
Slings         | 1 2 3 4 5 6 7 8 9 |  9.8
Bows           | 1 2 3 4 5 6 7 8 9 |  9.8
Crossbows      | 1 2 3 4 5 6 7 8 9 |  9.8
Armour         | 1 2 3 4 5 6 7 8 9 |  9.8
Shields        | 1 2 3 4 5 6 7 8 9 |  9.8
Unarmed Combat | 1 2 3 4 5 6 7 8 9 |  9.8
Spellcasting   | 1 2 3 4 5 6 7 8 9 |  9.8
Evocations     | 1 2 3 4 5 6 7 8 9 |  9.8
Conjurations   | 1 2 3 4 5 6 7 8 |  8.3
Hexes          | 1 2 3 4 5 6 7 8 |  8.3
Charms         | 1 2 3 4 5 6 7 8 |  8.3
Summonings     | 1 2 3 4 5 6 7 8 |  8.3
Necromancy     | 1 2 3 4 5 6 7 8 |  8.3
Translocations | 1 2 3 4 5 6 7 8 |  8.3
Transmutations | 1 2 3 4 5 6 7 8 |  8.3
Fire Magic     | 1 2 3 4 5 6 7 8 |  8.3
Ice Magic      | 1 2 3 4 5 6 7 8 |  8.3
Air Magic      | 1 2 3 4 5 6 7 8 |  8.3
Earth Magic    | 1 2 3 4 5 6 7 8 |  8.3
Poison Magic   | 1 2 3 4 5 6 7 8 |  8.3
Dodging        | 3 4 5 6 7 8 9 10 | 10.2
Stealth        | 8 9 10 11 12 | 12.2
Fighting       | 5 6 7 8 9 10 | 10.8
Short Blades   | 5 6 7 8 9 10 | 10.8
Throwing       | 5 6 7 8 9 10 | 10.8

Action                   |  1- 3 |  4- 6 |  7- 9 | 10-12 | 13-15 || total
-------------------------+-------+-------+-------+-------+-------++-------
Melee: Dagger            |    96 |   270 |   940 |   380 |       ||  1686
       Bite              |     9 |    23 |   124 |   237 |   347 ||   740
       Punch             |     1 |     3 |    21 |    69 |   135 ||   229
       Unarmed           |       |       |     2 |     9 |       ||    11
       Quick blade       |       |       |       |   964 |  1779 ||  2743
       Glaive            |       |       |       |       |    27 ||    27
 Fire: Blowgun           |       |       |    20 |    11 |       ||    31
Throw: Javelin           |       |       |       |     2 |       ||     2
 Cast: Confuse           |       |       |       |     6 |     4 ||    10
       Blink             |       |       |       |       |     1 ||     1
Invok: Heroism           |       |       |     2 |     6 |       ||     8
       Finesse           |       |       |       |     1 |       ||     1
 Abil: Blink             |       |       |     8 |     1 |     1 ||    10
       Evoke Ratskin     |       |       |       |     2 |     3 ||     5
Evoke: Box of beasts     |       |       |       |     2 |     2 ||     4
       Wand              |       |       |       |     1 |     8 ||     9
  Use: Scroll            |       |       |    12 |    14 |     8 ||    34
       Potion            |       |       |     3 |     1 |     2 ||     6
 Stab: Sleeping          |    10 |     9 |    17 |    18 |    51 ||   105
       Distracted        |       |     1 |       |     2 |     1 ||     4
       Confused          |       |       |       |     2 |     1 ||     3
       Paralysed         |       |       |       |       |     2 ||     2
  Eat: Chunk             |     1 |     6 |     9 |    17 |    23 ||    56
       Ration            |       |       |     4 |     3 |     2 ||     9
Armor: Robe              |    16 |    19 |       |       |       ||    35
       Scale mail        |       |    18 |    87 |    84 |       ||   189
       Ring mail         |       |     5 |   119 |       |       ||   124
       Skin              |       |       |     8 |    13 |       ||    21
       Troll leather arm |       |       |       |    53 |   182 ||   235
Dodge: Dodged            |    43 |   141 |   496 |   533 |   692 ||  1905
Block: Other             |       |       |    48 |   114 |   134 ||   296
       Reflection        |       |       |     1 |       |     8 ||     9

Table legend:
 A = Non-vault XP
 B = Vault XP
 C = Vault XP percentage of total XP
 D = Non-vault monster count
 E = Vault monster count
 F = Vault count percentage of total count
                 A         B        C        D         E       F
            +---------+---------+-------+---------+---------+-------
      Total |   71819 |   30868 |  30.1 |     447 |     246 |  35.5
            +---------+---------+-------+---------+---------+-------
        D:1 |      35 |       0 |   0.0 |      20 |       0 |   0.0
        D:2 |      68 |      50 |  42.4 |      24 |       8 |  25.0
        D:3 |     219 |      79 |  26.5 |      27 |       2 |   6.9
        D:4 |     449 |     221 |  33.0 |      20 |       2 |   9.1
        D:5 |     209 |      13 |   5.9 |       7 |       1 |  12.5
        D:6 |     929 |     388 |  29.5 |      17 |       3 |  15.0
        D:7 |     893 |    2454 |  73.3 |      17 |      24 |  58.5
        D:8 |    1636 |       0 |   0.0 |      17 |       0 |   0.0
        D:9 |     908 |     239 |  20.8 |      13 |      26 |  66.7
       D:10 |    4844 |       0 |   0.0 |      29 |       0 |   0.0
       D:11 |    4705 |    1689 |  26.4 |      30 |       9 |  23.1
       D:12 |    2398 |    7441 |  75.6 |      16 |      32 |  66.7
       D:13 |    3006 |    1911 |  38.9 |      15 |      15 |  50.0
       D:14 |    8124 |       0 |   0.0 |      25 |       0 |   0.0
       D:15 |    6505 |       0 |   0.0 |      29 |       0 |   0.0
     Lair:1 |    3655 |    2884 |  44.1 |      19 |      25 |  56.8
     Lair:2 |    2259 |     111 |   4.7 |      12 |       1 |   7.7
     Lair:3 |    6203 |     652 |   9.5 |      27 |       3 |  10.0
     Lair:4 |   10439 |     109 |   1.0 |      32 |       1 |   3.0
     Lair:5 |   10016 |     102 |   1.0 |      35 |       7 |  16.7
     Lair:6 |    4319 |   11685 |  73.0 |      16 |      25 |  61.0
      Sewer |       0 |     491 | 100.0 |       0 |      28 | 100.0
     Bailey |       0 |     349 | 100.0 |       0 |      34 | 100.0
            +---------+---------+-------+---------+---------+-------
